 Seeded DCSS version 0.24.1-14-gf8d2b509d9 (webtiles) character file.

Game seed: 519018287, levelgen mode: deterministic

328596 Mrkan the Brawler (level 20, -4/210 HPs)
             Began as a Troll Monk on May 21, 2020.
             Was the Champion of Ru.
             Slain by Mennas
             ... wielding a +5 sacred scourge of holy wrath
              (9 damage)
             ... on level 3 of the Vaults.
             The game lasted 01:58:20 (46544 turns).

Mrkan the Brawler (Troll Monk)                     Turns: 46544, Time: 01:58:21

Health: -4/210     AC: 18    Str: 31    XL:     20   Next: 81%
Magic:  13/19      EV:  8    Int:  5    God:    Ru [******]
Gold:   3681       SH: 30    Dex: 12    Spells: 19/19 levels left

rFire    + + +     SeeInvis .     - Unarmed
rCold    + . .     Gourm    +   G - +7 large shield of the Guild-Master {rPois rN+ MR+ Int-5}
rNeg     + . .     Faith    .   e - +1 fire dragon scales
rPois    +         Spirit   .   w - +2 hat
rElec    .         Reflect  +   R - scarf {rC+ rF+}
rCorr    .         Harm     .   (gloves unavailable)
MR       +++..                  (boots unavailable)
Stlth    ..........             N - +2 amulet of reflection
HPRegen  0.85/turn              D - ring of protection from cold
MPRegen  0.16/turn              Q - ring of protection from magic

@: mighty, exhausted, horrified, berserk cooldown, slowed, glowing, studying 3
skills, drained, very slow
A: large, unfitting armour, claws 3, fast metabolism 3, gourmand, regeneration
1, shaggy fur 1, tough skin 3, inability to use devices, cowardly, no ice magic,
no necromancy magic, no summoning magic, unskilled 1
}: 2/15 runes: decaying, gossamer
a: Draw Out Power, Power Leap, Apocalypse, Renounce Religion


You were on level 3 of the Vaults.
You worshipped Ru.
Ru was exalted by your worship.
You were full.

You visited 8 branches of the dungeon, and saw 38 of its levels.
You visited 1 bazaar.
You also visited: Sewer, Ossuary and Volcano.

You collected 4299 gold pieces.
You spent 618 gold pieces at shops.

Inventory:

Missiles
 k - 14 javelins
 J - 15 curare-tipped darts
 O - 45 large rocks (quivered)
Armour
 e - +1 fire dragon scales (worn)
 w - a +2 hat (worn)
 G - the +7 large shield of the Guild-Master (worn) {rPois rN+ MR+ Int-5}
   (You found it on level 7 of the Dungeon)

   It affects your intelligence (-5).
   It protects you from poison.
   It protects you from negative energy.
   It affects your resistance to hostile enchantments.
 R - a scarf of resistance (worn)
 S - the cursed +0 large shield of Infinity {rElec rN+ Int+3}
   (You found it on level 2 of the Lair of Beasts)

   It affects your intelligence (+3).
   It insulates you from electricity.
   It protects you from negative energy.
   It has a curse placed upon it.
 Y - +0 ice dragon scales
Jewellery
 j - an uncursed ring of see invisible
 n - an uncursed ring of resist corrosion
 D - a ring of protection from cold (left claw)
 N - a +2 amulet of reflection (around neck)
 Q - a ring of protection from magic (right claw)
 T - an uncursed amulet of regeneration
 X - a +6 ring of evasion
Scrolls
 c - 19 scrolls of remove curse
 h - 7 scrolls of amnesia
 l - 8 scrolls of blinking
 m - 6 scrolls of magic mapping
 p - 6 scrolls of immolation
 s - a scroll of silence
 t - a scroll of brand weapon
 y - 20 scrolls of teleportation
 A - a scroll of fear
 C - a scroll of torment
 F - 2 scrolls of enchant armour
 I - 3 scrolls of identify
 K - a scroll of fog
 M - 7 scrolls of enchant weapon
Potions
 a - 7 potions of curing
 d - 8 potions of agility
 g - 3 potions of mutation
 i - 5 potions of resistance
 o - 6 potions of ambrosia
 q - 5 potions of haste
 u - 2 potions of cancellation
 v - 13 potions of brilliance
 x - 2 potions of invisibility
 z - 19 potions of flight
 B - 5 potions of magic
 H - 5 potions of lignification
 L - 3 potions of might
Books
 f - a manual of Transmutations
 E - a manual of Maces & Flails
 P - a manual of Short Blades
Comestibles
 b - 58 rations


   Skills:
 + Level 15.3(13.8) Fighting
 + Level 10.9(9.6) Armour
 - Level 2.1(1.1) Dodging
 - Level 0.9(0.0) Stealth
 * Level 14.5(13.0) Shields
 - Level 20.4(18.8) Unarmed Combat


You had 19 spell levels left.
You didn't know any spells.
Your spell library contained the following spells:

 Spells                   Type           Power        Failure   Level  Hunger
 Apportation              Tloc           #.....       86%         1    ##.....
 Confusing Touch          Hex            #.....       86%         1    ##.....
 Corona                   Hex            #......      86%         1    ##.....
 Magic Dart               Conj           #...         86%         1    ##.....
 Blink                    Tloc           N/A          94%         2    ###....
 Slow                     Hex            #.......     94%         2    ###....
 Confuse                  Hex            #.......     99%         3    ####...
 Conjure Flame            Conj/Fire      #.......     99%         3    ####...
 Dazzling Spray           Conj/Hex       #.....       99%         3    ####...
 Gell's Gravitas          Tloc           #.........   99%         3    ####...
 Inner Flame              Hex/Fire       #.......     99%         3    ####...
 Mephitic Cloud           Conj/Pois/Air  #.......     99%         3    ####...
 Portal Projectile        Hex/Tloc       #.....       99%         3    ####...
 Tukima's Dance           Hex            #.......     99%         3    ####...
 Cause Fear               Hex            #.........   100%        4    #####..
 Leda's Liquefaction      Hex/Erth       #.........   100%        4    #####..
 Petrify                  Tmut/Erth      #.......     100%        4    #####..
 Yara's Violent Unravell  Hex/Tmut       #.........   100%        5    ######.
 Animate Skeleton         Necr           Unusable     N/A         1    N/A
 Summon Small Mammal      Summ           Unusable     N/A         1    N/A
 Call Imp                 Summ           Unusable     N/A         2    N/A
 Corpse Rot               Necr           Unusable     N/A         2    N/A
 Ensorcelled Hibernation  Hex/Ice        Unusable     N/A         2    N/A
 Sublimation of Blood     Necr           Unusable     N/A         2    N/A
 Ice Form                 Ice/Tmut       Unusable     N/A         4    N/A
 Agony                    Necr           Unusable     N/A         5    N/A
 Bolt of Draining         Conj/Necr      Unusable     N/A         5    N/A
 Dispel Undead            Necr           Unusable     N/A         5    N/A
 Excruciating Wounds      Chrm/Necr      Unusable     N/A         5    N/A
 Metabolic Englaciation   Hex/Ice        Unusable     N/A         5    N/A
 Bolt of Cold             Conj/Ice       Unusable     N/A         6    N/A
 Freezing Cloud           Conj/Ice/Air   Unusable     N/A         6    N/A
 Ozocubu's Refrigeration  Ice            Unusable     N/A         6    N/A
 Simulacrum               Ice/Necr       Unusable     N/A         6    N/A

Dungeon Overview and Level Annotations

Branches:
Dungeon (15/15)            Temple (1/1) D:5            Lair (6/6) D:11
  Swamp (4/4) Lair:4       Spider (4/4) Lair:4        Slime (0/5) Lair:6
    Orc (2/2) D:10            Elf (0/3) Orc:2        Vaults (3/5) D:14
 Depths (3/5) D:15          Sewer (visited)         Ossuary (visited)
Volcano (visited)
  Crypt: Vaults:2-3

Altars:
Ashenzari
Cheibriados
Dithmenos
Elyvilon
Fedhas
Gozag
Hepliaklqana
Kikubaaqudgha
Makhleb
Nemelex Xobeh
Okawaru
Qazlal
Ru
Sif Muna
Trog
Uskayaw
Vehumet
Wu Jian
Xom
Yredelemnul
Zin
The Shining One
Beogh
Jiyva

Shops:
D:5 [   D:9 *   Orc:2 ((*(   Vaults:1 (=   Vaults:2 ?   Depths:1 =}
Depths:3 =

Portals:
Hell: Depths:1 Depths:2 Depths:3
Pandemonium: Depths:3
Ziggurat: Depths:2
Trove: Vaults:2 (give +8 demon blade)

Annotations:
Lair:1 1 runed translucent door, sipior's ghost, journeyman OpVM
Lair:4 exclusion: 4 oklob plants
Lair:6 3 runed translucent doors, Ananasrisotto's ghost, adept DsMo; Guutuf's ghost, journeyman CeHu; Nuepoake's ghost, journeyman NaTm; Wogokhlo's ghost, journeyman FeBe
Swamp:1 2 transporters, Roxanne
Vaults:3 Mennas
Depths:2 2 runed translucent doors


Innate Abilities, Weirdness & Mutations

You are too large for most types of armour.
You have claws for hands.
Your metabolism is lightning-fast.
You like to eat raw meat.
Your natural rate of healing is unusually fast.
You are covered in fur. (AC +1)
You have extremely tough skin. (AC +3)
You cannot study or use magical devices.
Your cowardice makes you less effective in combat with threatening monsters.
You cannot study or cast Ice magic.
You cannot study or cast Necromancy magic.
You cannot study or cast Summoning magic.
You are somewhat unskilled. (-1 Apt)


Message History

A hornet comes into view.
The hornet buzzes angrily.
Mennas is stunned by your will and fails to attack.
There is an open door here.
Mennas is no longer moving slowly.
You redirect Mennas's attack!
Mennas hits you with a +5 sacred scourge of holy wrath!
* * * LOW HITPOINT WARNING * * *
Mennas closely misses you.
You redirect Mennas's attack!
You block Mennas's attack.
Mennas hits you with a +5 sacred scourge of holy wrath!
* * * LOW HITPOINT WARNING * * *
The hornet stings you.
* * * LOW HITPOINT WARNING * * *
You feel as though you will be slow longer.
You focus your will and slow the hornet in retribution!
You block Mennas's attack.
Mennas hits you with a +5 sacred scourge of holy wrath!
You die...

..############....#
..# #....# ..#
#....# ..# #....#
#....# .. #....# ..
#....# #+# #....#
#.. #..@.# #...
#.Ay.#
+...#####....#
#..!.)..'....#
#..##'###....# ...
#.)))#....#
#######(.).#....#
#.....'..))#....#
#..(..#...(#....#


You could see Mennas and a hornet.

Vanquished Creatures
  Saint Roka (Depths:1)
  A caustic shrike (Depths:1)
  Nikola (Swamp:1)
  the Enchantress (Depths:2)
  3 liches (Depths:3)
  Rupert (D:14)
  The ghost of Lolleill the Bludgeoner, an adept DgTm (Vaults:2)
  4 ancient champions (Depths:3)
  2 Executioners (Depths:2)
  A sphinx (Vaults:1)
  6 thorn hunters
  2 ghost moths
  2 orc warlords
  6 emperor scorpions
  2 frost giants (Depths:3)
  3 vault wardens
  3 balrugs
  5 ironheart preservers
  2 reapers (Depths:3)
  12 very ugly things
  3 spriggan defenders
  10 stone giants
  A vampire knight (Depths:3)
  4 entropy weavers
  A deep elf demonologist (Depths:2)
  Azrael (Spider:3)
  4 spark wasps
  4 ettins
  A green death (Depths:3)
  Josephine (Swamp:1)
  4 rakshasas
  4 great orbs of eyes
  7 ogre magi
  11 ice dragons
  Harold (D:8)
  3 fire dragons
  7 yaktaur captains
  Fannar (D:10)
  2 ghost crabs
  15 hydras
  3 shambling mangroves
  9 centaur warriors
  10 two-headed ogres
  4 spriggan air magi
  Erica (D:8)
  6 alligators
  6 death yaks (Lair:5)
  4 tengu warriors
  A deep troll shaman (Depths:1)
  A titan zombie (Depths:3)
  A spriggan berserker (Swamp:4)
  The ghost of Thomus the Destroyer, a journeyman DECj of Vehumet (Lair:2)
  Urug (Lair:5)
  5 orc high priests
  4 deep troll earth magi
  A soul eater (Depths:3)
  7 spriggans
  A sixfirhy (Depths:3)
  8 skeletal warriors (Depths:3)
  17 hell knights (Depths:2)
  A fire crab (Volcano)
  A spark wasp zombie (Depths:3)
  2 spriggan druids (Swamp:4)
  A lindwurm (Volcano)
  12 deep trolls
  2 glowing orange brains (Vaults:1)
  An orange crystal statue (D:12)
  A wizard (Vaults:3)
  10 swamp dragons
  5 ironbrand convokers
  A necromancer (Depths:3)
  A tengu skeleton (Depths:3)
  24 orb spiders
  A deep elf mage (D:12)
  35 ugly things
  15 orc knights
  A cyclops (shapeshifter) (Vaults:2)
  28 wolf spiders
  5 orc sorcerers
  2 oklob plants (Swamp:3)
  A sphinx skeleton (Depths:3)
  A cyclops (Vaults:1)
  A manticore (D:11)
  2 moths of wrath
  A guardian serpent (Lair:6)
  Maurice (D:8)
  A torpor snail (Lair:4)
  A water nymph (shapeshifter) (Depths:2)
  A black mamba (shapeshifter) (Vaults:1)
  13 black mambas
  2 smoke demons (Depths:2)
  13 elephants
  3 orange demons (Depths:2)
  A gargoyle (D:15)
  6 vault sentinels
  3 komodo dragons
  25 spiny frogs
  An elf skeleton (Depths:3)
  6 kobold demonologists
  20 yaktaurs
  A komodo dragon (shapeshifter) (D:15)
  2 rime drakes
  3 freezing wraiths
  A tengu conjurer (Depths:2)
  10 demonic crawlers
  2 red devils
  An ice devil (Depths:3)
  A queen bee (Lair:2)
  9 trolls
  2 polar bears (Lair:6)
  29 jumping spiders
  19 hornets
  12 tyrant leeches
  A meliai (shapeshifter) (D:13)
  16 blink frogs
  A slime creature (shapeshifter) (Vaults:2)
  13 dream sheep
  38 slime creatures
  13 bog bodies
  8 hippogriffs
  A meliai zombie (D:15)
  A human simulacrum (Vaults:1)
  A redback (shapeshifter) (Depths:2)
  A spriggan (shapeshifter) (Vaults:2)
  36 tarantellas
  4 shadows
  70 redbacks
  A vampire (Swamp:1)
  9 fire bats (Volcano)
  14 wyverns
  5 fire elementals (Spider:3)
  6 humans (D:9)
  2 ynoxinuls
  5 wraiths
  3 basilisks
  58 yaks
  A hog (shapeshifter) (D:15)
  A hungry ghost (D:14)
  3 steam dragons (Lair:6)
  10 vampire mosquitoes
  11 wargs
  3 acid dragons
  21 insubstantial wisps
  A soldier ant (D:13)
  21 swamp worms
  3 hell hounds
  18 water moccasins
  8 porcupines
  A hornet zombie (D:13)
  55 orc warriors
  2 sky beasts
  14 swamp drakes
  4 ice beasts
  An ogre (shapeshifter) (D:15)
  A black bear (D:7)
  44 ogres
  An eye of draining (D:12)
  2 necrophages
  6 boggarts
  20 centaurs
  A wolf (Lair:4)
  15 crocodiles
  7 big kobolds
  2 elf zombies (Ossuary)
  16 bullfrogs
  2 gnoll sergeants
  2 wyvern zombies
  A water moccasin skeleton (D:4)
  6 scorpions
  47 killer bees
  7 howler monkeys
  4 wights (D:14)
  3 electric eels
  6 lava snakes (Volcano)
  11 crimson imps
  A bullfrog zombie (D:6)
  2 quasits
  3 centaur zombies
  37 orc priests
  2 iron imps (Depths:3)
  A human zombie (Ossuary)
  5 jellies
  5 hounds
  2 bullfrog skeletons
  5 centaur skeletons
  Jessica (D:2)
  A gnoll shaman (D:7)
  Ijyb (D:3)
  5 iguanas
  31 orc wizards
  8 worker ants
  A big kobold zombie (Ossuary)
  4 hound zombies (Ossuary)
  A hound skeleton (D:5)
  3 mummies (Ossuary)
  24 gnolls
  23 adders
  3 river rats
  3 shadow imps
  A white imp (Depths:3)
  2 ufetubi (Depths:3)
  7 adder zombies
  5 oozes (D:8)
  4 worms
  4 dart slugs
  7 leopard geckos
  141 orcs
  11 giant cockroaches
  A gnoll zombie (Ossuary)
  7 goblins
  11 hobgoblins
  7 jackals
  4 quokkas
  3 ball pythons
  9 bats
  2 frilled lizards
  4 goblin zombies (Ossuary)
  5 hobgoblin zombies (Ossuary)
  A jackal skeleton (D:4)
  4 jackal zombies (Ossuary)
  29 kobolds
  A leopard gecko skeleton (D:4)
  2 orc zombies (Ossuary)
  5 quokka zombies (Ossuary)
  11 rats
  2 rat zombies (Ossuary)
  A briar patch (Swamp:2)
  A bush (Lair:3)
  6 fungi
  48 plants
1786 creatures vanquished.

Vanquished Creatures (others)
  A spriggan defender (Depths:2)
  A deep elf demonologist (Depths:2)
  An entropy weaver (Vaults:1)
  A fire dragon (Vaults:1)
  3 hydras
  A centaur warrior (Vaults:1)
  A hell knight (Depths:2)
  An orc high priest (Orc:2)
  2 spriggans
  A skeletal warrior (Depths:3)
  A wizard (Depths:3)
  An obsidian statue (Volcano)
  A wolf spider (Spider:3)
  An ugly thing (Vaults:2)
  An orb spider (Spider:4)
  A spiny frog (Lair:2)
  2 demonic crawlers (Spider:2)
  6 yaktaurs
  6 jumping spiders
  2 hornets
  A hippogriff (Lair:6)
  2 blink frogs
  2 slime creatures
  A shadow (D:14)
  A tarantella (Spider:4)
  6 redbacks
  A swamp worm (Swamp:1)
  A steam dragon (Lair:6)
  A warg (Orc:1)
  A porcupine (Lair:4)
  2 orc warriors
  A swamp drake (Swamp:4)
  4 centaurs
  An ogre (Orc:2)
  2 killer bees (Lair:2)
  An orc priest (Orc:2)
  3 iguanas
  2 orc wizards (Orc:2)
  A hound skeleton (D:8)
  A gnoll (D:8)
  A white imp (Depths:3)
  10 orcs
  A kobold (D:10)
  A briar patch (Swamp:2)
  8 bushes (Lair:6)
  24 fungi
  29 plants
  2 withered plants (Lair:6)
146 creatures vanquished.

Grand Total: 1932 creatures vanquished

Notes
Turn   | Place    | Note
-------+----------+-------------------------------------------
     0 | D:1      | Mrkan the Troll Monk began the quest for the Orb.
     0 | D:1      | Reached XP level 1. HP: 22/22 MP: 0/0
    84 | D:1      | Reached XP level 2. HP: 29/29 MP: 1/1
   353 | D:1      | Reached XP level 3. HP: 36/36 MP: 2/2
   723 | D:2      | Noticed Jessica
   729 | D:2      | Reached skill level 4 in Unarmed Combat
   733 | D:2      | Killed Jessica
   871 | D:2      | Found a glowing silver altar of Zin.
   921 | D:2      | Reached XP level 4. HP: 45/45 MP: 3/3
  1117 | D:2      | Found a blossoming altar of Fedhas.
  1355 | D:3      | Found a sparkling altar of Nemelex Xobeh.
  1473 | D:3      | Noticed Ijyb
  1484 | D:3      | Killed Ijyb
  1610 | D:3      | Reached skill level 5 in Unarmed Combat
  1758 | D:3      | Reached XP level 5. HP: 53/53 MP: 4/4
  1863 | D:3      | Found a shadowy altar of Dithmenos.
  1865 | D:3      | Found a sacrificial altar of Ru.
  1866 | D:3      | Found a burning altar of Makhleb.
  1868 | D:3      | Found a shattered altar of Ashenzari.
  1896 | D:3      | Became a worshipper of Ru the Awakened
  1907 | D:3      | Gained mutation: You cannot study or cast Ice magic. [Ru
                  | sacrifice]
  1907 | D:3      | Gained mutation: You cannot study or cast Necromancy magic.
                  | [Ru sacrifice]
  1907 | D:3      | Gained mutation: You cannot study or cast Summoning magic.
                  | [Ru sacrifice]
  1907 | D:3      | Reached * piety under Ru
  2097 | D:4      | Found the +4 robe of Augmentation {Str+4 Int+4 Dex+4}
  2122 | D:4      | Reached XP level 6. HP: 39/62 MP: 5/5
  2139 | D:4      | Reached skill level 6 in Unarmed Combat
  2157 | D:4      | Noticed a water moccasin
  2166 | D:4      | Killed a water moccasin
  2274 | D:4      | Reached XP level 7. HP: 70/71 MP: 6/6
  2325 | D:4      | Reached skill level 7 in Unarmed Combat
  2774 | D:5      | Entered Level 5 of the Dungeon
  2913 | D:5      | Found a staircase to the Ecumenical Temple.
  2930 | D:5      | Reached skill level 5 in Fighting
  2930 | D:5      | Reached skill level 8 in Unarmed Combat
  2941 | Temple   | Entered the Ecumenical Temple
  3096 | D:5      | Reached XP level 8. HP: 58/80 MP: 7/7
  3109 | D:5      | Found a glowing drain.
  3128 | Sewer    | Entered a sewer
  3178 | Sewer    | Gained mutation: You cannot study or use magical devices.
                  | [Ru sacrifice]
  3178 | Sewer    | Reached ** piety under Ru
  3178 | Sewer    | Reached *** piety under Ru
  3185 | Sewer    | Reached skill level 1 in Armour
  3874 | D:5      | Found Sorheecu's Armour Shop.
  4506 | D:6      | Reached XP level 9. HP: 84/89 MP: 8/8
  4600 | D:6      | Reached skill level 5 in Armour
  5040 | D:7      | Gained mutation: Your cowardice makes you less effective in
                  | combat with threatening monsters. [Ru sacrifice]
  5040 | D:7      | Reached **** piety under Ru
  5728 | D:7      | Got a warped large shield
  5734 | D:7      | Identified the +7 large shield of the Guild-Master {rPois
                  | rN+ MR+ Int-5} (You found it on level 7 of the Dungeon)
  5888 | D:7      | Found a shimmering blue altar of Sif Muna.
  6082 | D:8      | Noticed Harold
  6103 | D:8      | Killed Harold
  6103 | D:8      | Reached XP level 10. HP: 33/102 MP: 9/9
  6265 | D:8      | Found a sand-covered staircase.
  6269 | Ossuary  | Entered an ossuary
  6412 | Ossuary  | Gained mutation: You are somewhat unskilled. (-1 Apt) [Ru
                  | sacrifice]
  6412 | Ossuary  | Reduced skill Unarmed Combat to level 7
  6412 | Ossuary  | Reached ***** piety under Ru
  6412 | Ossuary  | Reached ****** piety under Ru
  6708 | D:8      | Reached skill level 1 in Shields
  6834 | D:8      | Noticed Maurice
  6854 | D:8      | Killed Maurice
  7168 | D:8      | Noticed Erica
  7199 | D:8      | Killed Erica
  7836 | D:9      | Reached skill level 5 in Shields
  7877 | D:9      | Reached XP level 11. HP: 107/111 MP: 10/10
  7909 | D:9      | Found Loed's Assorted Antiques.
  8173 | D:10     | Entered Level 10 of the Dungeon
  8301 | D:10     | Noticed Fannar
  8308 | D:10     | Killed Fannar
  8466 | D:10     | Found the +6 shillelagh "Devastator" {shatter}
  8653 | D:10     | Found a staircase to the Orcish Mines.
  8734 | D:10     | Found a shattered altar of Ashenzari.
  9499 | D:11     | Reached skill level 8 in Unarmed Combat
  9604 | D:11     | Found a staircase to the Lair.
  9634 | Lair:1   | Entered Level 1 of the Lair of Beasts
 10244 | Lair:1   | Found a runed translucent door.
 10244 | Lair:1   | Found a shimmering altar of Xom.
 10244 | Lair:1   | Noticed a +1 hand axe of chaos
 10244 | Lair:1   | Noticed sipior's ghost (journeyman OpVM)
 10635 | Lair:2   | Reached XP level 12. HP: 122/122 MP: 11/11
 10838 | Lair:2   | Reached skill level 9 in Unarmed Combat
 10933 | Lair:2   | Found a runed translucent gate.
 10933 | Lair:2   | Found a runed translucent gate.
 10933 | Lair:2   | Found a runed translucent gate.
 10934 | Lair:2   | Noticed Thomus's ghost (journeyman DECj)
 12597 | Lair:4   | Found a hole to the Spider Nest.
 12689 | Lair:4   | Found a staircase to the Swamp.
 12740 | Lair:4   | Reached skill level 10 in Unarmed Combat
 13091 | Lair:4   | Found a dark tunnel.
 13098 | Volcano  | Entered a volcano
 13363 | Volcano  | Reached XP level 13. HP: 132/132 MP: 12/12
 13435 | Volcano  | Found a burning altar of Makhleb.
 13833 | Lair:5   | Reached skill level 10 in Fighting
 14051 | Lair:5   | Reached skill level 11 in Unarmed Combat
 14133 | Lair:5   | Noticed Urug
 14241 | Lair:5   | Killed Urug
 14967 | Lair:6   | Entered Level 6 of the Lair of Beasts
 15038 | Lair:6   | Reached skill level 12 in Unarmed Combat
 15308 | Lair:6   | Reached XP level 14. HP: 144/144 MP: 13/13
 15319 | Lair:6   | Found a runed translucent gate.
 15319 | Lair:6   | Found a runed translucent gate.
 15319 | Lair:6   | Found a runed translucent gate.
 15319 | Lair:6   | Noticed Nuepoake's ghost (journeyman NaTm)
 15321 | Lair:6   | Noticed Ananasrisotto's ghost (adept DsMo)
 15327 | Lair:6   | Noticed Guutuf's ghost (journeyman CeHu)
 15332 | Lair:6   | Noticed Wogokhlo's ghost (journeyman FeBe)
 15432 | Lair:6   | Found a staircase to the Slime Pits.
 15432 | Lair:6   | Found a viscous altar of Jiyva.
 16079 | Lair:6   | Reached skill level 13 in Unarmed Combat
 17221 | Orc:1    | Entered Level 1 of the Orcish Mines
 17926 | Orc:1    | Found a roughly hewn altar of Beogh.
 18088 | Orc:2    | Entered Level 2 of the Orcish Mines
 18509 | Orc:2    | Found Oriolubu's Antique Weapon Emporium.
 18556 | Orc:2    | Found a roughly hewn altar of Beogh.
 18887 | Orc:2    | Found Tuosac's Antique Weapon Shoppe.
 19305 | Orc:2    | Found a staircase to the Elven Halls.
 19499 | Orc:2    | Noticed an orc warlord
 19502 | Orc:2    | Found a roughly hewn altar of Beogh.
 19512 | Orc:2    | Killed an orc warlord
 19547 | Orc:2    | Found Mihaxkon's Antique Weapon Shoppe.
 19687 | Orc:2    | Reached skill level 14 in Unarmed Combat
 19694 | Orc:2    | Found Zuru Gonk's General Store.
 19699 | Orc:2    | Reached XP level 15. HP: 104/154 MP: 14/14
 19707 | Orc:2    | Bought a potion of curing for 39 gold pieces
 19707 | Orc:2    | Bought a potion of haste for 130 gold pieces
 21594 | D:13     | Reached skill level 10 in Armour
 22263 | D:13     | Found a shimmering altar of Xom.
 22276 | D:13     | Found a shimmering altar of Xom.
 22292 | D:13     | Found a shimmering altar of Xom.
 22857 | D:14     | Noticed Rupert
 22862 | D:14     | Paralysed by Rupert for 5 turns
 22876 | D:14     | Killed Rupert
 23443 | D:14     | Found a gate to the Vaults.
 23686 | D:15     | Entered Level 15 of the Dungeon
 23716 | D:15     | Found a shimmering altar of Xom.
 23747 | D:15     | Reached skill level 15 in Unarmed Combat
 24201 | D:15     | Found a staircase to the Depths.
 24326 | D:15     | Identified 2 scrolls of acquirement
 24866 | Spider:1 | Entered Level 1 of the Spider Nest
 25215 | Spider:1 | Reached XP level 16. HP: 165/165 MP: 15/15
 25564 | Spider:1 | Reached skill level 10 in Shields
 26379 | Spider:2 | Reached skill level 16 in Unarmed Combat
 28108 | Spider:3 | Noticed Azrael
 28149 | Spider:3 | Killed Azrael
 28520 | Spider:4 | Entered Level 4 of the Spider Nest
 29730 | Spider:4 | Reached XP level 17. HP: 161/175 MP: 0/16
 29752 | Spider:4 | Reached skill level 17 in Unarmed Combat
 30126 | Spider:4 | Got a gossamer rune of Zot
 30671 | Swamp:1  | Entered Level 1 of the Swamp
 30691 | Swamp:1  | Found a transporter.
 30691 | Swamp:1  | Noticed Nikola
 30716 | Swamp:1  | Killed Nikola
 30794 | Swamp:1  | Noticed Josephine
 30817 | Swamp:1  | Killed Josephine
 31011 | Swamp:1  | Found a transporter.
 31878 | Swamp:1  | Identified Roxanne's Compendium of the Mountains
 31878 | Swamp:1  | Noticed Roxanne
 34811 | Swamp:4  | Entered Level 4 of the Swamp
 34858 | Swamp:4  | Reached skill level 18 in Unarmed Combat
 35263 | Swamp:4  | HP: 6/178 [shambling mangrove (26)]
 35294 | Swamp:4  | Reached XP level 18. HP: 35/187 MP: 17/17
 35941 | Swamp:4  | Got a decaying rune of Zot
 36194 | Lair:2   | Killed Thomus's ghost
 36216 | Lair:2   | Got a steaming large shield
 36217 | Lair:2   | Identified the cursed +0 large shield of Infinity {rElec
                  | rN+ Int+3} (You found it on level 2 of the Lair of Beasts)
 36457 | Depths:1 | Entered Level 1 of the Depths
 36508 | Depths:1 | Noticed a caustic shrike
 36537 | Depths:1 | Killed a caustic shrike
 36963 | Depths:1 | Noticed Saint Roka
 36983 | Depths:1 | Killed Saint Roka
 37453 | Depths:1 | Reached skill level 19 in Unarmed Combat
 37559 | Depths:1 | Found Awob's Gadget Boutique.
 37559 | Depths:1 | Found Ufics's Jewellery Emporium.
 37560 | Depths:1 | Found Ogurohau's Gadget Boutique.
 37567 | Depths:1 | Bought a cursed ring of protection from cold for 352 gold
                  | pieces
 37586 | Depths:1 | Found a gateway to Hell.
 38353 | Depths:2 | Found a gateway to a ziggurat.
 38946 | Depths:2 | Noticed the Enchantress
 39009 | Depths:2 | Killed the Enchantress
 39010 | Depths:2 | Reached XP level 19. HP: 33/197 MP: 8/18
 39904 | Depths:2 | Noticed a Tzitzimitl
 39975 | Depths:2 | Found a burning altar of Makhleb.
 40029 | Depths:2 | Found a runed translucent door.
 40068 | Depths:2 | Found a runed translucent door.
 41102 | Depths:3 | Found Ocailush's Jewellery Boutique.
 41115 | Depths:3 | Reached skill level 20 in Unarmed Combat
 41792 | Depths:3 | Found a one-way gate leading to the halls of Pandemonium.
 42911 | Vaults:1 | Entered Level 1 of the Vaults
 42976 | Vaults:1 | Reached XP level 20. HP: 187/206 MP: 19/19
 43170 | Vaults:1 | Found a flickering gateway to a bazaar.
 43189 | Bazaar   | Entered a bazaar
 43192 | Bazaar   | Found Hopsomp's Weapon Emporium.
 43195 | Bazaar   | Found Nuemm's Gadget Shoppe.
 43200 | Bazaar   | Found Jeaceji's Armour Shoppe.
 43200 | Bazaar   | Found Urupesem's Antique Weapon Emporium.
 43917 | Vaults:1 | Found Uvewe's Antique Weapon Shop.
 43927 | Vaults:1 | Found Ytueffep's Jewellery Shoppe.
 44246 | Vaults:1 | Reached skill level 15 in Fighting
 45382 | Vaults:2 | Found a portal to a secret trove of treasure.
 45546 | Vaults:2 | Found a runed translucent gate.
 45546 | Vaults:2 | Found a runed translucent gate.
 45546 | Vaults:2 | Found a runed translucent gate.
 45546 | Vaults:2 | Identified the +1 plate armour "Kecusag" {rF++ rCorr Str-3
                  | Stlth+}
 45546 | Vaults:2 | Noticed Lolleill's ghost (adept DgTm)
 45860 | Vaults:2 | Found Haebluny's Magic Scroll Emporium.
 45869 | Vaults:2 | Bought a scroll of enchant armour for 97 gold pieces
 45950 | Vaults:2 | Identified the +8 short sword "Gigoet" {speed, *Noise rF+
                  | Str+2 Dex+4}
 45954 | Vaults:2 | Found a roughly hewn altar of Beogh.
 46012 | Vaults:2 | Killed Lolleill's ghost
 46482 | Vaults:3 | Noticed Mennas
 46536 | Vaults:3 | HP: 10/210 [Mennas/+5 sacred scourge of holy wrath (20)]
 46543 | Vaults:3 | HP: 8/210 [Mennas/+5 sacred scourge of holy wrath (9)]
 46544 | Vaults:3 | Slain by Mennas

Levels and vault maps discovered:
D:1:      lemuel_arrival_funnel, layout_basic
D:2:      layout_rooms, lemuel_coloured_pillars_altar, lemuel_statue_altar,
          uniq_jessica
D:3:      layout_loops_ring, nemelex_xobeh_ov_fountains_minmay, minitemple,
          first_ration, chequers_serial_rivers_large_a, uniq_ijyb
D:4:      layout_cave_pools, sigmund_army
D:5:      layout_loops_ring, minmay_temple_entry_mini_moons,
          portal_sewer_entry_e, serial_shops, shop_coins, minmay_misc_feat_rows,
          minmay_fractal_squares_diagonal_5
D:6:      layout_basic, chequers_avenue, chequers_mini_garden
D:7:      layout_loops_corners, led_sif_book
D:8:      layout_layer_cave, enter_ossuary_5, solitary_fountain,
          hangedman_little_slice_of_home, uniq_harold, uniq_maurice, uniq_erica
D:9:      layout_irregular_city, serial_shops, shop, minmay_ruffians
D:10:     layout_small_grid, erik_orc_3, serial_bayou_lagoon_a,
          ashenzari_altar_1, uniq_fannar
D:11:     layout_basic, lair_entry_dummy
D:12:     layout_irregular_city, minmay_statue_bubble
D:13:     layout_layer_cave, xom_shifter_show
D:14:     layout_loops_ring, hangedman_vaults_entry_quadrant_bands,
          minmay_crystal_room, minmay_rotating_lava, uniq_rupert
D:15:     grunt_enter_depths_hoard, layout_gridville, basic_altar,
          grunt_ministairs_11
Temple:   eino_wide_crystal_templ
Lair:1:   layout_big_grid, ebering_ghost_xom
Lair:2:   layout_cave_pods, gammafunk_ghost_split, special_room
          [special_room_bee]
Lair:3:   layout_roguey, minmay_lindwurm_lava, serial_bayou_shore_a
Lair:4:   layout_big_grid, minmay_swamp_entry_worms,
          spider_nest_entry_web_field, enter_volcano_2,
          chequers_serial_rivers_large_b, st_stairs_11,
          minmay_lair_oklob_chamber, lemuel_fruit_tree,
          infiniplex_staircase_pool
Lair:5:   layout_misc_corridors, uniq_urug
Lair:6:   hangedman_lair_tendril_chambers, layout_hall_layers,
          guppyfry_lair_end_dragon, slime_altar_1, gammafunk_ghost_cemetery,
          minmay_hedge_maze, patterned_corridor
Swamp:1:  gammafunk_its_a_trap, layout_falls_marsh, hangedman_swamp_ruin_wall,
          swamp_pool1, nicolae_swamp_fairy_circle, cheibrodos_swamp_pet_leeches,
          uniq_roxanne, uniq_josephine, uniq_nikola
Swamp:2:  layout_falls_marsh, infiniplex_staircase_pool_2, swamp_pool2
Swamp:3:  nicolae_swamp_phyte_club, layout_basic_swamp, serial_swamp_ruin,
          evilmike_swamp_ruin_house_6, evilmike_swamp_ruin_wall,
          evilmike_swamp_ruin_house_5
Swamp:4:  swamp_basic_johnstein, layout_basic_swamp
Spider:1: layout_chambers
Spider:2: layout_spider_delve, nicolae_spider_webbed_stairs
Spider:3: layout_spider_delve, uniq_azrael
Spider:4: grunt_spider_rune_circles
Orc:1:    layout_caves, basic_altar, nooodl_orcs_dogs
Orc:2:    pubby_orc_utopia
Vaults:1: v_alt_pattern_4, v_misc_30, nicolae_vaults_gold_heap, v_misc_12,
          vaults_room_door_hall, nicolae_vaults_alarming,
          vaults_mumra_chevron_long, grunt_vaults_focal, grunt_vaults_trifunnel,
          nicolae_vaults_rhombus_6, nicolae_vaults_halls_meeting,
          nicolae_vaults_little_ls, vaults_room_door_ring, v_pattern_3,
          hangedman_vaults_impose, grunt_vaults_hallway_long,
          layout_vaults_maze_bifur, serial_shops, bzr_entry_islet, shop,
          nicolae_shop_crystal
Vaults:2: biasface_vaults_ghost_orc_armoury, nicolae_vaults_big_angled_halls,
          nicolae_vaults_bisected_slash, nicolae_vaults_rhombus_6,
          ontoclasm_vaults_decontamination, vaults_room_pool,
          nicolae_vaults_little_squares_4, ontoclasm_vaults_ring_large,
          nicolae_vaults_asterisk, ontoclasm_vaults_gateway,
          ontoclasm_vaults_pinch, vaults_mumra_hexcomb,
          grunt_vaults_hallway_short, v_alt_pattern_1, layout_vaults_omnibox,
          serial_shops, nicolae_shop_temple_entry_statues_fountains,
          enter_trove_0
Vaults:3: v_misc_17, nicolae_vaults_shelves_hall, nicolae_vaults_what_the_h,
          v_misc_13, v_rooms_3, v_pattern_1, vaults_mumra_hex,
          layout_vaults_omnigrid, dummy_crypt_entry, serial_shops, shop,
          uniq_mennas
Depths:1: layout_gridlike, hellmouth_1, serial_rivers,
          chequers_serial_rivers_small_a, chequers_serial_rivers_small_b,
          chequers_serial_rivers_marsh, chequers_serial_rivers_small_3,
          chequers_serial_rivers_micro_b, chequers_serial_rivers_micro_a,
          minmay_misc_feat_four_crosses, dispersion_dpeg, firewood_loft,
          minmay_shop_grove, uniq_saint_roka
Depths:2: evilmike_makhleb_hellhole, layout_basic, enter_ziggurat_d,
          serial_sigils_hangedman_stare, pf_vacation_house_of_asmodeus,
          mu_enter_wizlab_1, skrybe_limestone_x, infiniplex_staircase_zigzag_2,
          uniq_enchantress
Depths:3: cheibrodos_poisonous_passages, layout_small_grid, serial_shops,
          nicolae_shop_statue_plus, chequers_serial_rivers_marsh,
          grunt_pan_entry_sceptre, hell_entry, serial_bayou_shore_b

Skill      XL: |  1  2  3  4  5  6  7  8  9 10 11 12 13 14 15 16 17 18 19 20 |
---------------+-------------------------------------------------------------+-----
Unarmed Combat | 4 5 6 8 7 8 10 12 14 15 16 18 19 20 | 20.4
Fighting       | 3 4 5 6 7 7 8 9 10 11 12 13 14 15 | 15.3
Armour         | 4 7 8 9 10 | 10.9
Stealth        | 0 |  0.9
Shields        | 5 7 9 10 11 12 13 14 | 14.5
Dodging        | |  2.1

Action                   |  1- 3 |  4- 6 |  7- 9 | 10-12 | 13-15 | 16-18 | 19-21 || total
-------------------------+-------+-------+-------+-------+-------+-------+-------++-------
Melee: Unarmed           |    81 |   140 |   449 |  1352 |  2129 |  1934 |  1221 ||  7306
       Punch             |       |     2 |    15 |       |       |       |       ||    17
Throw: Javelin           |       |       |       |       |     9 |    13 |       ||    22
       Large rock        |       |       |       |       |       |     9 |       ||     9
       Dart              |       |       |       |       |       |     9 |       ||     9
Invok: Sacrifice Arcana  |       |     1 |       |       |       |       |       ||     1
       Sacrifice Artific |       |       |     1 |       |       |       |       ||     1
       Draw Out Power    |       |       |     1 |       |       |     2 |     1 ||     4
       Sacrifice Courage |       |       |     1 |       |       |       |       ||     1
       Sacrifice Skill   |       |       |       |     1 |       |       |       ||     1
       Apocalypse        |       |       |       |     2 |     6 |    12 |     3 ||    23
  Use: Scroll            |       |       |       |    29 |    14 |     7 |     5 ||    55
       Potion            |       |       |       |       |     2 |    10 |     4 ||    16
 Stab: Sleeping          |     1 |       |       |       |       |       |       ||     1
       Distracted        |       |       |     1 |     4 |    10 |     9 |     8 ||    32
       Invisible         |       |       |     2 |     3 |     9 |    17 |     8 ||    39
       Paralysed         |       |       |       |     5 |    30 |    18 |    20 ||    73
  Eat: Chunk             |    14 |    13 |    35 |    67 |   103 |    94 |    60 ||   386
       Ration            |       |       |       |       |     3 |    11 |     2 ||    16
Armor: Robe              |     4 |       |       |       |       |       |       ||     4
       Fire dragon scale |    66 |    85 |   240 |   349 |   462 |   195 |   302 ||  1699
       Ice dragon scales |       |       |       |       |    28 |   440 |       ||   468
Dodge: Dodged            |    54 |    67 |   183 |   135 |   231 |   573 |   141 ||  1384
Block: Large shield      |       |       |    24 |  1387 |  2247 |  2406 |  1234 ||  7298
       Reflection        |       |       |       |       |       |    39 |    72 ||   111
